Map: Tokamak LE

Players

Cure - Winner!

  • Race: Terran Terran
  • Spawn Location: 1:00

ShoWTimE

  • Race: Protoss Protoss
  • Spawn Location: 7:00

Event: Esports World Cup 2025

VOD

Have the link to the VOD?

Description

Time

  • Played on: July 22, 2025, 12:54 p.m.
  • Length: 10:39

All games in this series

Show
View Real Time Build Order
Export as new Build Order

Cure Terran - Winner!

Build Orders: Cyclone Opening 

Get SALT Encoding   

  12  0:00  SCV  
  13  0:12  SCV  
  14  0:17  Supply Depot  
  14  0:24  SCV  
  15  0:38  SCV  
  15  0:39  Barracks  
  16  0:42  Refinery  
  16  0:50  SCV  
  17  1:02  SCV  
  18  1:14  SCV  
  19  1:27  Orbital Command  
  20  1:39  Command Center  
  19  1:41  Marine  
  20  1:53  Factory  
  20  1:54  SCV  
  20  2:01  Refinery  
  21  2:06  SCV  
  22  2:14  Barracks Tech Lab  
  22  2:15  Supply Depot  
  22  2:19  SCV  
  23  2:36  SCV  
  24  2:42  Cyclone, Marine  
  28  2:46  Starport  
  28  2:48  SCV  
  29  2:51  Orbital Command  
  29  2:59  Orbital Command  
  29  3:00  SCV, Barracks Reactor  
  30  3:06  Barracks  
  30  3:13  SCV  
  31  3:21  Factory Tech Lab  
  31  3:22  Medivac  
  31  3:24  SCV  
  31  3:25  SCV  
  35  3:31  Supply Depot  
  35  3:36  Marine x2  
  35  3:37  SCV x2  
  39  3:42  Siege Tank  
  39  3:47  Supply Depot  
  42  3:49  SCV x2  
  44  3:56  Marine x2  
  44  3:59  Marine  
  44  4:01  Stimpack, SCV x2  
  49  4:05  Supply Depot  
  49  4:13  SCV x2  
  49  4:14  Marine x2  
  49  4:17  Marine  
  53  4:18  Barracks  
  53  4:23  Siege Tank  
  57  4:29  SCV x2  
  57  4:31  Supply Depot  
  59  4:33  Marine x2  
  59  4:34  Marine  
  59  4:38  Supply Depot  
  62  4:42  SCV  
  62  4:43  SCV  
  62  4:45  Medivac  
  66  4:51  Marine x2  
  66  4:52  Marine  
  69  4:54  SCV  
  69  4:55  Supply Depot, SCV  
  71  5:00  Supply Depot  
  71  5:05  Siege Tank  
  71  5:06  Marine  
  75  5:09  Marine x2, SCV x2  
  75  5:10  Marine  
  80  5:24  Marine  
  80  5:26  Marine x2  
  80  5:28  Marine  
  81  5:33  SCV x2  
  79  5:37  Siege Tank  
  79  5:42  Marine  
  80  5:44  Marine x2  
  80  5:45  SCV x2  
  80  5:46  Marine  
  81  5:51  Combat Shield  
  81  5:57  SCV x2  
  81  5:59  Marine  
  81  6:00  Barracks  
  81  6:02  Marine x2  
  81  6:04  Marine  
  87  6:09  Siege Tank  
  87  6:10  SCV x2  
  87  6:17  Marine  
  83  6:20  Marine x2  
  83  6:21  Marine  
  83  6:22  SCV  
  85  6:29  Medivac  
  85  6:33  SCV  
  85  6:34  SCV  
  85  6:35  Marine  
  85  6:36  Barracks  
  85  6:38  Marine x2  
  85  6:39  Marine  
  91  6:45  SCV  
  91  6:46  SCV  
  91  6:53  Marine  
  90  6:54  Siege Tank  
  90  6:59  Marine x4  
  94  7:03  SCV x2  
  84  7:09  Medivac  
  84  7:11  Marine  
  85  7:16  Marine x4  
  86  7:26  SCV x2  
  86  7:28  Marine x2  
  83  7:34  Marine x4  
  83  7:35  Siege Tank  
  89  7:46  Marine x2  
  90  7:52  Marine x4  
  90  7:54  SCV x2  
  90  8:04  Marine x2  
  91  8:08  Siege Tank  
  91  8:10  Marine x4  
  87  8:22  Marine x2  
  86  8:28  Marine x4  
  89  8:40  Marine x2, Engineering Bay, SCV x2  
  84  8:46  Marine x4  
  84  8:47  Siege Tank  
  84  8:57  Marine x2  
  84  9:00  Medivac  
  87  9:03  Marine x4  
  88  9:15  Marine x2  
  88  9:16  Missile Turret  
  89  9:21  Marine x4  
  72  9:33  Marine x2  
  66  9:39  Marine x4  
  66  9:45  Siege Tank  
  71  9:51  Marine x2, Medivac  
  75  9:57  Marine x4  
  79  10:09  Marine x2  
  80  10:15  Marine x4  
Show
View Real Time Build Order
Export as new Build Order

ShoWTimE Protoss 

Build Orders: 1 Gate Expand, Phoenix Opening, Blink Stalkers, Chargelot Immortal 

Get SALT Encoding   

  12  0:00  Probe  
  13  0:12  Probe  
  14  0:18  Pylon  
  14  0:24  Probe  
  15  0:32  Probe  
  15  0:37  Gateway  
  15  0:40  Probe  
  16  0:46  Assimilator  
  17  0:50  Probe  
  18  1:03  Probe  
  19  1:15  Probe  
  20  1:22  Nexus  
  20  1:33  Cybernetics Core  
  20  1:34  Probe  
  21  1:41  Assimilator  
  21  1:47  Probe  
  22  1:50  Pylon  
  22  1:58  Stalker  
  22  1:59  Probe  
  23  2:10  Warp Gate  
  23  2:11  Probe  
  26  2:23  Probe  
  26  2:26  Sentry  
  26  2:27  Phoenix  
  29  2:30  Probe  
  29  2:35  Probe  
  31  2:38  Probe  
  31  2:42  Twilight Council  
  32  2:47  Probe, Stalker  
  32  2:48  Probe, Blink  
  36  2:59  Gateway, Probe  
  36  3:00  Probe  
  38  3:06  Gateway  
  38  3:11  Probe  
  38  3:12  Probe  
  40  3:17  Phoenix  
  40  3:23  Probe  
  40  3:24  Pylon, Probe  
  42  3:35  Probe  
  42  3:37  Probe  
  44  3:46  Nexus  
  44  3:49  Probe  
  44  3:50  Probe  
  44  3:54  Pylon  
  46  3:59  Stalker  
  46  4:01  Stalker  
  50  4:05  Probe x2  
  52  4:10  Phoenix  
  52  4:11  Stalker  
  52  4:15  Pylon  
  52  4:16  Shield Battery  
  54  4:18  Probe x2  
  54  4:24  Pylon  
  56  4:32  Robotics Facility  
  56  4:33  Probe x2, Charge  
  56  4:34  Assimilator  
  56  4:37  Stalker  
  60  4:41  Stalker  
  60  4:45  Probe x2  
  64  4:46  Forge  
  64  4:57  Probe x2  
  64  4:58  Probe  
  67  5:02  Stalker  
  67  5:03  Stalker  
  71  5:09  Probe x2  
  71  5:13  Immortal  
  73  5:14  Shield Battery  
  73  5:15  Stalker  
  73  5:16  Shield Battery  
  79  5:34  Pylon  
  79  5:35  Stalker, Zealot  
  77  5:48  Gateway, Stalker  
  77  5:49  Gateway  
  77  5:50  Pylon  
  77  5:52  Gateway  
  77  5:53  Immortal  
  81  5:59  Stalker  
  81  6:04  Stalker  
  85  6:10  Pylon  
  83  6:18  Stalker  
  81  6:20  Protoss Ground Weapons Level 1  
  81  6:22  Immortal  
  79  6:26  Gateway  
  79  6:29  Gateway, Zealot  
  79  6:30  Probe x2  
  79  6:31  Pylon  
  79  6:32  Pylon  
  87  6:35  Zealot  
  89  6:47  Zealot x4  
  89  6:50  Shield Battery  
  91  6:56  Immortal, Zealot  
  91  6:57  Zealot  
  78  7:11  Zealot x3  
  78  7:15  Pylon  
  78  7:21  Zealot x2  
  78  7:26  Zealot  
  49  7:36  Zealot x3  
  51  7:43  Zealot x2  
  51  7:51  Pylon  
  51  7:52  Zealot  
  51  7:57  Stalker x4  
  51  8:01  Gateway  
  51  8:04  Gateway  
  49  8:08  Zealot  
  49  8:13  Zealot  
  49  8:20  Zealot x4  
  32  8:45  Gateway  
  32  8:49  Gateway  
  32  8:56  Probe  
  32  8:58  Zealot  
  32  9:01  Zealot  
  34  9:08  Probe  
  35  9:21  Zealot x2  
  31  9:37  Probe  
  25  9:40  Pylon  
  25  9:43  Pylon  
  25  9:45  Probe  
  26  9:46  Sentry  
  26  9:47  Zealot  
  26  9:49  Probe x2  
  33  9:55  Probe  
  27  10:07  Sentry  
  27  10:09  Zealot  
  31  10:17  Sentry x2  
Tags
 
Add a new tag
Caveats
  • Supply blocks, unpowered buildings, or Contaminate may cause inaccurate times.
  • Supply counts are checked every 10 seconds.